Unix NetHack Version 5.0.0-0 post-release - last build May 10 2026 23:12:36 (d1fa5d53e341ca933230fdaa984d921c805b60aa,branch:main).

Game began 2026-05-10 16:39:48, ended 2026-05-14 06:24:48.

Galadhan1, lawful female human Valkyrie

                                                      ---------         -----
   *.......-------- `# *###       `#      -------    --.......------  ---..<|
   #..............| #####...-.-   ##      |.....|    |..--........@|---.....|
   #.|......-.---|-- #`#`.....>. ##*`     |.._..|    |..|---------i|....|..--
   *...-....... |..|  .-.......-# ..----  |.....|    ----     ----.....-|.--
   #.........|--|..|---........[-......|  ---%---   -----  ---|.........---
   `.|.....)....--|-.........)......|..|    |.|    --...----..|....|.---
   #.......)........................|..|    |.| ---|.....|....|..-----
   *....--|--------.........[.-......---   --.---..|..........|..| ------
   *....|?......=.|.......{.......|.|  -----.......|...---......-- |.%%.|
   #....|[[!...!).|##.........-|..|.|---...........|...|........|  |....|
   *....-----------    -......----|.|-......---...-------.)..--------|---
    -.........#         ......|..--.|...---..|...-|..|..|-...|-...---.-- ---
     .-......|*          -....|.....|....- .....--|..|..|--..|........!-|..|
      .-.....|*     -    |....|-...(......--..-----.---|-...)).............|
       ....|..#         .|...-|....`..G...|...(...........----....{.....-----
  -----..|....#         ......|..--......(..---------.--)-| --..............|
  |...........-.------ ...|...------.......--  |(((.|.|...| |.........-----||
  ||-.....{...|......--...|..-     ---...---   |(/(.-.|...| -------..-- |.%.|
  |(|...........----.....-----       ----      |(((.|------       ----  |...|
  ---------------  -------                     -----                    -----
Galadhan1 the Fighter       St:18/01 Dx:13 Co:18 In:11 Wi:8 Ch:7  Lawful
Dlvl:5  $:214 HP:0(66) Pw:19(19) AC:2  Xp:7 T:7560 

Latest messages:
 The killer bee stings!
 The killer bee just misses!
 You finish your dressing maneuver.
 What do you want to zap? [fmrwCST or ?*] *
 In what direction? .
 You materialize in a different location!
 What do you want to wear? [k or ?*] *
 You are now wearing a dwarvish cloak.
 You hear a chugging sound.
 A rock piercer suddenly drops from the ceiling!
 Its blow glances off your helm.
 You hit the rock piercer!
 You miss the rock piercer.
 You hit the rock piercer!
 The rock piercer bites!
 You kill the rock piercer!
 You see here a scroll of enchant weapon.
 o - a scroll of enchant weapon.
 What do you want to read? [otuEZ or ?*] o
 As you read the scroll, it disappears.
 Your spear glows blue for a moment.
 You hear the splashing of a naiad.
 You stop waiting.
 You kill the newt!
 You see here a newt corpse.
 There is a newt corpse here; eat it? [ynq] (n) y
 This newt corpse is tough.
 You stop eating the newt corpse.
 You hit the gold golem!
 You hit the gold golem!
 The gold golem hits!
 The gold golem hits again!
 You hit the gold golem!
 The gold golem hits!
 The gold golem hits again!
 What do you want to zap? [fmrwCST or ?*] *
 In what direction? j
 The gold golem vanishes!
 You stop waiting.
 You miss the imp.
 The imp hits!
 You hit the imp!
 The imp hits!
 The imp hits!
 You die...
 Do you want your possessions identified? [ynq] (y) y
 Do you want to see your attributes? [ynq] (y) y
 Do you want an account of creatures vanquished? [ynaq] (y) n
 Do you want to see your conduct and achievements? [ynq] (y) n
 Do you want to see the dungeon overview? [ynq] (y) y

Inventory:
 Coins    ('$')
  $ - 214 gold pieces
 Weapons  (')')
  L - 4 +0 daggers (at the ready)
  a - a +2 spear (weapon in left hand)
 Armor    ('[')
  g - an uncursed +0 dwarvish iron helm (being worn)
  c - an uncursed +3 small shield (being worn)
  k - an uncursed +0 dwarvish cloak (being worn)
  D - an uncursed +0 orcish ring mail (being worn)
 Comestibles  ('%')
  I - an uncursed food ration
  l - a cursed rotten tin of Mordor orc meat
 Scrolls  ('?')
  u - 2 uncursed scrolls of earth named 200z
  Z - a cursed scroll of fire named 100z
  t - an uncursed scroll of gold detection named 100 z
  E - a blessed scroll of light
 Potions  ('!')
  G - an uncursed potion of booze named 50
  B - an uncursed potion of confusion named 100
  y - an uncursed potion of enlightenment named 200
  O - an uncursed potion of levitation named 200
  h - a blessed potion of monster detection named 150
  z - 2 uncursed potions of see invisible named 50
  e - an uncursed potion of sickness named 50
  s - 5 uncursed potions of water named 10
 Rings    ('=')
  Q - a cursed ring of conflict named 300
  R - a cursed +2 ring of gain constitution named 150
  p - a cursed -2 ring of gain constitution named 150
  P - an uncursed ring of levitation named 200
  X - an uncursed ring of slow digestion named 200
  A - a cursed ring of sustain ability named 100
 Wands    ('/')
  r - a wand of digging (0:0)
  T - a cursed wand of lightning (0:4)
  C - a wand of magic missile (0:6)
  f - a wand of make invisible named 150 (0:6)
  w - a cursed wand of make invisible named 150 (0:5)
  S - a cursed wand of probing named 150 (0:6)
  m - a wand of teleportation named 200 (0:2)
 Tools    ('(')
  V - a cursed blindfold
  n - an uncursed lock pick
  U - a cursed magic lamp
  W - a cursed magic marker (0:21)
  Y - an uncursed skeleton key
  J - an uncursed tin opener
 Gems/Stones  ('*')
  H - an uncursed amber stone
  v - an uncursed jacinth stone
  i - 2 uncursed worthless pieces of green glass
  q - 3 uncursed worthless pieces of orange glass
  x - an uncursed worthless piece of red glass
  F - 2 uncursed worthless pieces of violet glass
  N - a cursed worthless piece of violet glass
  d - 3 uncursed worthless pieces of yellow glass
  b - an uncursed worthless piece of yellowish brown glass

Galadhan1 the Valkyrie's attributes:

Background:
 You were a Fighter, a level 7 human Valkyrie.
 You were lawful, on a mission for Tyr
 who was opposed by Odin (neutral) and Loki (chaotic).
 You were left-handed.
 You were in the Gnomish Mines, on level 5.
 You entered the dungeon 7560 turns ago.
 You had 1170 experience points, 110 more were needed to attain level 8.

Basics:
 You had 0 out of 66 hit points.
 You had all 19 energy points (spell power).
 Your armor class was 2.
 Your wallet contained 214 zorkmids.
 Autopickup was off.

Final Characteristics:
 Your strength was 18/01 (limit:18/100).
 Your dexterity was 13 (limit:18).
 Your constitution was 18 (limit:18).
 Your intelligence was 11 (limit:18).
 Your wisdom was 8 (limit:18).
 Your charisma was 7 (limit:18).

Final Status:
 You weren't hungry.
 You were unencumbered.
 You were wielding a spear.
 You were skilled in spear and could have enhanced that.

Final Attributes:
 You were piously aligned.
 Your items were somewhat protected from fire.
 You were cold resistant.
 Your items were somewhat protected from cold.
 You were telepathic.
 You were stealthy.
 You were warded.
 You were fast.
 You are dead.

Miscellaneous:
 You encountered 1 bones level.
 Total elapsed playing time was 5 hours, 8 minutes and 5 seconds.

Major events:
 Turn
    1: Galadhan1 the lawful human Valkyrie entered the dungeon
 1265: attained the rank of Skirmisher (level 3)
 3193: attained the rank of Fighter (level 6)
 3498: entered the Gnomish Mines
 4103: reached Mine Town
 7560: killed by an imp

You didn't know any spells.

Skills:
 Fighting Skills
   bare handed combat [Unskilled]
   two weapon combat  [Unskilled]
   riding             [Unskilled]
 Weapon Skills
   dagger             [Basic]
   axe                [Unskilled]
   pick-axe           [Unskilled]
   short sword        [Unskilled]
   broadsword         [Unskilled]
   long sword         [Unskilled]
   two-handed sword   [Unskilled]
   saber              [Unskilled]
   hammer             [Unskilled]
   quarterstaff       [Unskilled]
   polearms           [Unskilled]
   spear              [Skilled]
   trident            [Unskilled]
   lance              [Unskilled]
   sling              [Unskilled]
 Spellcasting Skills
   attack spells      [Unskilled]
   escape spells      [Unskilled]

Voluntary challenges:
 Character rerolling was not enabled.
 You never genocided any monsters.
 You never polymorphed an object.
 You never changed form.
 You used no wishes.
Achievements:
 You attained the rank of Skirmisher.
 You entered a shop.
 You attained the rank of Fighter.
 You entered the Gnomish Mines.
 You entered Minetown.
 You entered a temple.

 The Dungeons of Doom: levels 1 to 5
    Level 1:
       A fountain.
    Level 2:
       Stairs down to The Gnomish Mines.
    Level 3:
       A potion shop.
    Level 4:
       A potion shop.
    Level 5:
       A grave.
       Final resting place for
          ironrat-Wiz-Hum-Mal-Neu, killed by a giant ant.
 The Gnomish Mines: levels 3 to 5
    Level 3:
    Level 4:
    Level 5: <- You were here.
       Many shops, a temple and an altar, many fountains.
       Final resting place for
          you, killed by an imp.


Vanquished creatures:
  a ghost
  a small mimic
  a watchman
  4 wolves
  a jaguar
  a dwarf leader
 an imp
  3 Mordor orcs
  4 rock piercers
  a rock mole
  a yellow light
  a shrieker
  a violet fungus
  6 gnome leaders
  3 gnomish wizards
  3 elf zombies
  2 straw golems
  5 giant ants
  a floating eye
  3 kittens
  3 dwarves
  2 homunculi
  9 hill orcs
  6 rothes
  a rabid rat
  2 centipedes
  a giant bat
  a monkey
  a dwarf zombie
 an iguana
  2 acid blobs
  5 coyotes
  a hobbit
  7 manes
  a large kobold
  a hobgoblin
  2 cave spiders
  2 brown molds
  2 yellow molds
 26 gnomes
  7 geckos
  6 jackals
  4 foxes
  2 kobolds
  2 sewer rats
  8 grid bugs
  2 bats
  4 lichens
  a kobold zombie
 11 newts
167 creatures vanquished.

No species were genocided or became extinct.

Game over:
                       ----------
                      /          \
                     /    REST    \
                    /      IN      \
                   /     PEACE      \
                  /                  \
                  |    Galadhan1     |
                  |      214 Au      |
                  | killed by an imp |
                  |                  |
                  |                  |
                  |                  |
                  |       2026       |
                 *|     *  *  *      | *
        _________)/\\_//(\/(/\)/\//\/|_)_______

Farvel Galadhan1 the Valkyrie...

You died in The Gnomish Mines on dungeon level 5 with 5173 points,
and 214 pieces of gold, after 7560 moves.
You were level 7 with a maximum of 66 hit points when you died.

